 Dungeon Crawl Stone Soup version 0.30.1-11-g7821555f0a (webtiles) character file.

Game seed: 17624372733808656849

39 Destapler the Trooper (level 3, 0/29 HPs)
             Began as a Demonspawn Monk on Dec 1, 2023.
             Slain by a hobgoblin (5 damage)
             ... on level 2 of the Dungeon.
             The game lasted 00:02:58 (1180 turns).

Destapler the Trooper (Demonspawn Monk)             Turns: 1180, Time: 00:02:59

Health: 0/29       AC:  2    Str: 11    XL:     3   Next: 26%
Magic:  3/3        EV: 13    Int: 13    God:
Gold:   44         SH:  4    Dex: 15    Spells: 2/2 levels left

rFire   . . .        a - +0 mace
rCold   . . .        d - orb {light}
rNeg    . . .        b - +0 robe
rPois   .            (no helmet)
rElec   .            (no cloak)
rCorr   .            (no gloves)
SInv    .            (no boots)
Will    .....        (no amulet)
Stlth   +            (no ring)
HPRegen 0.24/turn    (no ring)
MPRegen 0.08/turn

%: no passive effects
@: glowing
A: condensation shield, demonic magic 1
a: no special abilities


You were on level 2 of the Dungeon.
You visited 1 branch of the dungeon, and saw 2 of its levels.

You collected 44 gold pieces.

Inventory:

Hand Weapons
 a - a +0 mace (weapon)
Armour
 b - a +0 robe (worn)
 d - an orb of light (worn)
 k - a +0 ring mail
Scrolls
 g - 2 scrolls of fog {unknown}
 h - a scroll of amnesia {unknown}
 i - a scroll of enchant armour {unknown}
 j - a scroll of enchant weapon {unknown}
Potions
 c - a potion of brilliance {unknown}
 e - 2 potions of heal wounds {unknown}
 f - 2 potions of cancellation {unknown}


   Skills:
 + Level 3.5 Fighting
 + Level 3.2 Maces & Flails
 + Level 3.2 Dodging


You had 2 spell levels left.
You didn't know any spells.
Your spell library contained the following spells:

 Spells                   Type           Power      Damage    Failure   Level
 Magic Dart               Conj           0%         1d3       30%         1
 Call Imp                 Summ           0%         N/A       43%         2
 Mephitic Cloud           Conj/Pois/Air  0%         N/A       67%         3


Dungeon Overview and Level Annotations

Branches:
Dungeon (2/15)

Altars:


Innate Abilities, Weirdness & Mutations

A meltable shield of frost defends you. (SH +4)
Spells you cast may paralyse adjacent enemies.


Message History

You hit the endoplasm but do no damage.
The endoplasm is almost dead.
You block the bat's attack. The hobgoblin closely misses you.
The endoplasm barely misses you.
You hit the endoplasm but do no damage.
The endoplasm is almost dead.
The bat barely misses you. The hobgoblin barely misses you.
You block the frilled lizard's attack. The endoplasm hits you.
The bat hits you but does no damage.
The frilled lizard attacks as you move away!
The frilled lizard bites you but does no damage.
The bat attacks as you move away! The bat closely misses you.
The bat misses you. The hobgoblin closely misses you.
The hobgoblin attacks as you move away! The hobgoblin closely misses you.
The bat misses you.
The frilled lizard attacks as you move away!
You block the frilled lizard's attack.
The frilled lizard attacks as you move away!
The frilled lizard barely misses you. The hobgoblin attacks as you move away!
You block the hobgoblin's attack.
You hit the hobgoblin but do no damage.
The hobgoblin hits you but does no damage.
You barely miss the hobgoblin. You block the hobgoblin's attack.
You hit the hobgoblin.
The hobgoblin is moderately wounded.
The hobgoblin misses you. The hobgoblin hits you.
* * * LOW HITPOINT WARNING * * *
You hit the hobgoblin.
The hobgoblin is heavily wounded.
The hobgoblin hits you.
* * * LOW HITPOINT WARNING * * *
The hobgoblin attacks as you move away! You block the hobgoblin's attack.
The hobgoblin attacks as you move away! The hobgoblin hits you.
* * * LOW HITPOINT WARNING * * *
The hobgoblin attacks as you move away! The hobgoblin hits you.
* * * LOW HITPOINT WARNING * * *
The hobgoblin attacks as you move away! The hobgoblin misses you.
There is a stone staircase leading up here.
The bat hits you but does no damage. The hobgoblin hits you.
You die...

.. #.# #......... #.#
#......... ##
#.######...>.....
#.##.....##.........
##..#................
..##...#b...............
#...>..@gl..####..).....
####......J.............
#.##.....###.........
#.##†#.### #.........
#.##...####..........
######
#.##..........#......
.<...#
#....................
#.##.#
##............##......
#.##.#####............##
.##.#.


You could see an endoplasm, a hobgoblin, a bat and a frilled lizard.

Vanquished Creatures
  A worm (D:2)
  5 ball pythons
  4 endoplasms
  2 giant cockroaches
  3 goblins
  5 hobgoblins
  A bat (D:1)
  7 kobolds
  3 rats (D:1)
31 creatures vanquished.

Notes
Turn   | Place    | Note
-------+----------+-------------------------------------------
     0 | D:1      | Destapler the Demonspawn Monk began the quest for the Orb.
     0 | D:1      | Reached XP level 1. HP: 18/18 MP: 1/1
   298 | D:1      | Gained mutation: Spells you cast may paralyse adjacent
                  | enemies. [demonic ancestry]
   298 | D:1      | Reached XP level 2. HP: 17/24 MP: 2/2
  1083 | D:2      | Gained mutation: A meltable shield of frost defends you.
                  | (SH +4) [demonic ancestry]
  1083 | D:2      | Reached XP level 3. HP: 29/29 MP: 3/3
  1180 | D:2      | Slain by a hobgoblin

Illustrated notes

Levels and vault maps discovered:
D:1:      giann_forest_graveyard, layout_basic, minivault_26
D:2:      layout_rooms, hellmonk_ecumenical_altar_run_dry,
          reono_crystal_passage, minmay_quantized

Skill      XL: |  1  2 |
---------------+-------+-----
Maces & Flails | 3 |  3.2
Dodging        | 3 |  3.2
Fighting       | |  3.5

Action                     || total
---------------------------++-------
  Melee: Mace              ||    89
    Use: Potion            ||     1
 Armour: Robe              ||    20
  Dodge: Dodged            ||    71
  Block: Orb               ||     8
